 Dungeon Crawl Stone Soup version 0.22-a0-612-gd2f0174 (webtiles) character file.

709 sking99 the Spear-Bearer (level 7, -11/55 HPs)
             Began as a Merfolk Skald on July 11, 2018.
             Was a Follower of Okawaru.
             Killed by nerve-wracking pain
             ... invoked by Menkaure
              (14 damage)
             ... on level 5 of the Dungeon.
             The game lasted 00:09:17 (5571 turns).

sking99 the Spear-Bearer (Merfolk Skald)            Turns: 5571, Time: 00:09:18

Health: -11/55     AC:  6    Str: 11    XL:     7   Next: 68%
Magic:  7/10       EV: 16    Int: 13    God:    Okawaru [*.....]
Gold:   208        SH:  6    Dex: 15    Spells: 2/10 levels left

rFire    . . .     SeeInvis .   k - +0 trident (pierce)
rCold    . . .     Gourm    .   m - +0 buckler
rNeg     . . .     Faith    .   b - +0 leather armour
rPois    .         Spirit   .   (no helmet)
rElec    .         Reflect  .   (no cloak)
rCorr    .         Harm     .   f - +1 pair of gloves
MR       .....                  (no boots)
Stlth    +++.......             (no amulet)
HPRegen  0.18/turn              (no ring)
MPRegen  0.12/turn              (no ring)

@: heroism
A: change form in water, swift swim, stealthy swim
a: Heroism, Renounce Religion


You were on level 5 of the Dungeon.
You worshipped Okawaru.
Okawaru was aware of your devotion.
You were not hungry.

You visited 1 branch of the dungeon, and saw 5 of its levels.

You collected 208 gold pieces.

Inventory:

Hand Weapons
 k - a +0 trident of piercing (weapon)
Armour
 b - a +0 leather armour (worn)
 f - a +1 pair of gloves (worn)
 m - a +0 buckler (worn)
Jewellery
 h - an uncursed amulet of harm {unknown}
 j - an uncursed amulet of faith {unknown}
 n - a cursed -2 ring of dexterity {unknown}
Scrolls
 a - a scroll of enchant armour
 g - 2 scrolls of magic mapping
 q - a scroll of amnesia {unknown}
 r - a scroll of teleportation {unknown}
 s - a scroll of identify
 t - a scroll of enchant weapon {unknown}
Potions
 e - a potion of flight
 l - a potion of magic
Comestibles
 c - 2 chunks of flesh
 d - 9 rations


   Skills:
 + Level 4.7(9.7) Fighting
 * Level 8.5(13.5) Polearms
 - Level 0.6(5.6) Armour
 - Level 2.6(7.6) Dodging
 + Level 1.9(6.9) Shields
 - Level 2.0 Spellcasting
 + Level 5.4 Charms


You had 2 spell levels left.
You knew the following spells:

 Your Spells              Type           Power        Failure   Level  Hunger
a - Infusion              Chrm           ###.         3%          1    ##.....
b - Song of Slaying       Chrm           ###.....     5%          2    ###....
c - Shroud of Golubria    Chrm/Tloc      #.........   16%         2    ###....
d - Regeneration          Chrm/Necr      #.........   32%         3    ####...

Your spell library contained the following spells:

 Spells                   Type           Power        Failure   Level  Hunger
 Spectral Weapon          Hex/Chrm       #.......     32%         3    ####...


Dungeon Overview and Level Annotations

Branches:
Dungeon (5/15)
 Temple: D:4-7

Altars:
Dithmenos
Gozag
Nemelex Xobeh
Okawaru
Ru
Sif Muna
Trog
Yredelemnul

Annotations:
D:5 Menkaure


Message History

You hit Menkaure.
Menkaure is heavily damaged.
Menkaure closely misses you.
You hit Menkaure but do no damage.
Menkaure is heavily damaged.
Menkaure hits you!
* * * LOW HITPOINT WARNING * * *
You barely miss Menkaure.
Menkaure is heavily damaged.
Menkaure closely misses you.
You gain the combat prowess of a mighty hero.
Menkaure barely misses you.
You hit Menkaure.
Menkaure is heavily damaged.
You block Menkaure's attack.
You completely miss Menkaure.
Menkaure is heavily damaged.
Menkaure points at you and mumbles some strange words.
Pain shoots through your body!
You die...

. #### #..###.. .##
#.....##### . ....
##.....#####.. .....
##..###..#.....
#.....####..## ##...##
#ZM@...######....##.
###..### #..........
#.........##..#....
##...########.#.....
#....# ##..#.....
...#...## ##.........
#.###....###...###....
#. ###........# .#.# .
##........#..... .#


You could see Menkaure and a centaur skeleton.

Vanquished Creatures
  A phantom (D:5)
  A scorpion (D:5)
  A hound (D:2)
  2 orc priests (D:5)
  2 centaur skeletons
  4 orc wizards
  Jessica (D:2)
  2 worker ants
  A hound skeleton (D:4)
  Robin (D:2)
  5 adders
  4 gnolls (D:2)
  A shadow imp (D:4)
  2 worms
  2 dart slugs
  3 leopard geckos
  16 orcs
  A ball python (D:3)
  9 bats
  2 giant cockroaches
  15 goblins
  9 hobgoblins
  7 jackals
  6 kobolds
  A quokka (D:4)
  8 frilled lizards
  A quokka skeleton (D:4)
  5 rats
113 creatures vanquished.

Notes
Turn   | Place    | Note
-------+----------+-------------------------------------------
     0 | D:1      | sking99 the Merfolk Skald began the quest for the Orb.
     0 | D:1      | Reached XP level 1. HP: 16/16 MP: 3/3
   163 | D:1      | Reached XP level 2. HP: 7/23 MP: 0/5
   389 | D:1      | Learned a level 2 spell: Song of Slaying
   392 | D:1      | Learned a level 2 spell: Shroud of Golubria
  1108 | D:1      | Reached skill level 4 in Polearms
  1505 | D:2      | Reached XP level 3. HP: 26/28 MP: 6/6
  1596 | D:2      | Found a bloodstained altar of Trog.
  1637 | D:2      | HP: 1/28 [gnoll/flail (7)]
  1651 | D:2      | Reached XP level 4. HP: 3/35 MP: 0/7
  1660 | D:2      | HP: 2/52 [gnoll/flail (2)]
  1662 | D:2      | Reached skill level 5 in Polearms
  2363 | D:2      | Found a basalt altar of Yredelemnul.
  2524 | D:2      | Noticed Robin
  2533 | D:2      | Reached XP level 5. HP: 38/41 MP: 0/8
  2543 | D:2      | Killed Robin
  2624 | D:2      | Noticed Jessica
  2657 | D:2      | Killed Jessica
  2657 | D:2      | Reached skill level 6 in Polearms
  2820 | D:2      | Found a deep blue altar of Sif Muna.
  3129 | D:3      | Learned a level 3 spell: Regeneration
  3423 | D:3      | Reached XP level 6. HP: 47/48 MP: 9/9
  3456 | D:3      | Found a shadowy altar of Dithmenos.
  3554 | D:3      | Found an iron altar of Okawaru.
  3584 | D:3      | Reached skill level 7 in Polearms
  3595 | D:3      | Became a worshipper of Warmaster Okawaru
  4336 | D:4      | Found an opulent altar of Gozag.
  4919 | D:4      | Found a sacrificial altar of Ru.
  5121 | D:5      | Entered Level 5 of the Dungeon
  5203 | D:5      | Reached skill level 1 in Shields
  5203 | D:5      | Reached skill level 5 in Charms
  5203 | D:5      | Reached XP level 7. HP: 39/54 MP: 6/10
  5215 | D:5      | Reached skill level 8 in Polearms
  5484 | D:5      | Found a sparkling altar of Nemelex Xobeh.
  5527 | D:5      | Reached * piety under Okawaru
  5554 | D:5      | Noticed Menkaure
  5567 | D:5      | HP: 2/55 [Menkaure (10)]
  5571 | D:5      | Killed from afar by Menkaure

Vault maps used:
D:1:      minmay_arrival_glassed_features, wad_floor_pattern_untrapped
D:2:      lemuel_coloured_pillars_altar, nicolae_overflow_crystal_walls,
          lemuel_doored_altar, serial_co_window_serial, co_window_paths_b,
          co_window_of_opportunity_a, co_window_paths_a, co_window_paths_a,
          co_window_paths_b, co_window_broadway_c, co_window_cross_2,
          co_window_corner_b, glass_columns_a, glass_columns_a, glass_columns_c,
          glass_columns_a, glass_columns_c, st_stairs_11, uniq_jessica,
          uniq_robin
D:3:      nicolae_dithmenos_shadow_blocks, first_ration, grunt_ministairs_11,
          minmay_misc_feat_encased, okawaru_metal_pillars_1_2
D:4:      kennysheep_little_box, nicolae_gozag_seed_capital
D:5:      lemuel_round_altar, temple_hall, ebering_ghost_reflecting_pool,
          uniq_pikel, uniq_menkaure

Skill      XL: |  1  2  3  4  5  6  7 |
---------------+----------------------+-----
Polearms       | 4 5 6 7 8 |  8.5
Fighting       | 3 4 |  4.7
Charms         | 4 5 |  5.4
Shields        | 1 |  1.9
Armour         | |  0.6
Dodging        | |  2.6
Spellcasting   | |  2.0

Action                   |  1- 3 |  4- 6 |  7- 9 || total
-------------------------+-------+-------+-------++-------
Melee: Spear             |   111 |   186 |       ||   297
       Trident           |       |   135 |    50 ||   185
 Cast: Infusion          |     9 |     6 |       ||    15
       Shroud of Golubri |       |     1 |     2 ||     3
       Song of Slaying   |       |     2 |     1 ||     3
Invok: Heroism           |       |       |     1 ||     1
  Use: Potion            |     4 |       |     3 ||     7
       Scroll            |       |     5 |       ||     5
 Stab: Sleeping          |       |     2 |     1 ||     3
  Eat: Chunk             |     2 |    11 |       ||    13
       Ration            |       |       |     1 ||     1
Armor: Leather armour    |    16 |    57 |     6 ||    79
       Skin              |     4 |     7 |       ||    11
Dodge: Dodged            |    60 |   134 |    15 ||   209
Block: Buckler           |       |       |     5 ||     5

Table legend:
 A = Spawn XP
 B = Non-spawn XP
 C = Spawn XP percentage of total XP
 D = Spawn monster count
 E = Non-spawn monster count
 F = Spawn count percentage of total count
 G = Total turns spent on level
                    A         B        C        D         E        F      G
               +---------+---------+-------+---------+---------+-------+---------
         Total |       0 |    1014 |   0.0 |       0 |     113 |   0.0 |  5571
               +---------+---------+-------+---------+---------+-------+---------
           D:1 |       0 |      33 |   0.0 |       0 |      19 |   0.0 |  1460
           D:2 |       0 |     226 |   0.0 |       0 |      34 |   0.0 |  1618
           D:3 |       0 |     203 |   0.0 |       0 |      36 |   0.0 |  1032
           D:4 |       0 |     140 |   0.0 |       0 |      14 |   0.0 |  1011
           D:5 |       0 |     412 |   0.0 |       0 |      10 |   0.0 |   450
               +---------+---------+-------+---------+---------+-------+---------
